 Dungeon Sprint DCSS version 0.22.0-18-ge075c0d (webtiles) character file.

91 poirepourri the Cleaver (level 5, -1/45 HPs)
             Began as a Minotaur Fighter on Aug 18, 2018.
             Was an Initiate of Gozag.
             Slain by a guardian mummy (20 damage)
             ... in the Dungeon (Sprint VI: "Thunderdome").
             The game lasted 00:02:06 (543 turns).

poirepourri the Cleaver (Minotaur Fighter)           Turns: 543, Time: 00:02:06

Health: -1/45      AC: 10    Str: 22    XL:     5   Next: 59%
Magic:  4/4        EV: 12    Int:  8    God:    Gozag
Gold:   701        SH: 10    Dex: 14    Spells: 4/4 levels left

rFire    . . .     SeeInvis +   a - +0 war axe
rCold    + . .     Gourm    .   c - +0 shield
rNeg     . . .     Faith    .   b - +0 scale mail
rPois    +         Spirit   .   (helmet restricted)
rElec    +         Reflect  .   s - +2 cloak {MR+}
rCorr    .         Harm     .   (no gloves)
MR       +....     NoTele   +   (no boots)
Stlth    ++........             p - amulet of Piojasu {Acrobat rElec Str-2 Dex+5 SInv}
HPRegen  0.15/turn              q - ring of Buipeept {Ice rPois Int+3 Stlth+}
MPRegen  0.09/turn              r - ring of Absolutism {rF+ Str+3 Dex-6} (curse)

@: agile, gold aura, hasted, very quick
A: retaliatory headbutt, horns 2
a: Potion Petition, Call Merchant, Bribe Branch, Renounce Religion


You were in the Dungeon.
You worshipped Gozag.
Gozag was pleased with you.
You were not hungry.

You visited 1 branch You collected 836 gold pieces.
You spent 135 gold pieces at shops.

Inventory:

Hand Weapons
 a - a +0 war axe (weapon)
Armour
 b - a +0 scale mail (worn)
 c - a +0 shield (worn)
 s - a +2 cloak of magic resistance (worn)
Jewellery
 p - the amulet of Piojasu (around neck) {Acrobat rElec Str-2 Dex+5 SInv}
   (You bought it in a shop in the Dungeon)

   [amulet of the acrobat]

   It helps you evade while moving and waiting.
   It affects your strength (-2).
   It affects your dexterity (+5).
   It insulates you from electricity.
   It lets you see invisible.
 q - the ring of Buipeept (left hand) {Ice rPois Int+3 Stlth+}
   (You bought it in a shop in the Dungeon)

   [ring of ice]

   It enhances your ice magic.
   It affects your intelligence (+3).
   It makes you vulnerable to fire.
   It protects you from cold.
   It protects you from poison.
   It makes you more stealthy.
 r - the cursed ring of Absolutism (right hand) {rF+ Str+3 Dex-6}
   (You bought it in a shop in the Dungeon)

   [ring of dexterity]

   It affects your strength (+3).
   It affects your dexterity (-6).
   It protects you from fire.
   It has a curse placed upon it.
Wands
 m - a wand of acid (4)
Scrolls
 k - 4 scrolls of blinking
 o - 3 scrolls of fog
Potions
 d - a potion of flight {unknown}
 e - a potion of curing
 g - a potion of heal wounds
 h - 3 potions of haste
 i - 2 potions of magic
 j - a potion of berserk rage
 l - a potion of resistance
Comestibles
 f - a ration


   Skills:
 - Level 3.6 Fighting
 + Level 13.5 Axes
 - Level 3.6 Armour
 - Level 3.6 Shields


You had 4 spell levels left.
You didn't know any spells.
Your spell library was empty.

Dungeon Overview and Level Annotations

Branches:
Dungeon (1/1)

Altars:
Cheibriados
Dithmenos
Fedhas
Gozag
Kikubaaqudgha
Makhleb
Okawaru
Qazlal
Ru
Sif Muna
Trog
Uskayaw
Vehumet
Wu Jian
Xom
Yredelemnul
Zin
The Shining One
Beogh
Jiyva
Lugonu

Shops:
D *[%??*?*:[((!!!!


Innate Abilities, Weirdness & Mutations

You reflexively headbutt those who attack you in melee.
You have a pair of horns on your head.


Message History

[c] - 0 gold - flight, agility, invisibility and haste Purchase which effect?
You feel much better.
You feel yourself speed up.
You feel agile all of a sudden. The guardian mummy hits you!
The guardian mummy hits you!!
* * * LOW HITPOINT WARNING * * *
You feel much better.
You hit the guardian mummy but do no damage.
You headbutt the guardian mummy, but do no damage.
You hit the guardian mummy but do no damage.
The guardian mummy hits you!! x2
* * * LOW HITPOINT WARNING * * *
Unknown command.
You feel much better.
You hit the guardian mummy. You headbutt the guardian mummy!
The guardian mummy is lightly damaged.
You hit the guardian mummy but do no damage.
The guardian mummy hits you!!
You die...
Your body crumbles into a pile of gold.

#⌠...........⌠#
######.8.........8.######
##∩_._......###......___∩##
##∩........8.# #.8........∩###
.............###.(...(.......##
..........###...###.(...)....)#
..........# #.<.# #..........⌠#
..........###..M###.)........⌠#
.............###@............##
##∩.......M8.# #M8$.......∩###
##∩___......###......___∩##
######[8......M..8.######
#§...........⌠# ###.........###
#......M._# #_.M....._#
#_...÷..._#


You could see 3 guardian mummies and a mummy.

Vanquished Creatures
  A gnoll sergeant (D)
  2 hounds (D)
  A jelly (D)
  Crazy Yiuf (D)
  A mummy (D)
  A gnoll (D)
  2 oozes (D)
  6 kobolds (D)
15 creatures vanquished.

Notes
Turn   | Place    | Note
-------+----------+-------------------------------------------
     0 | D        | poirepourri the Minotaur Fighter began the quest for the Orb.
     0 | D        | Reached XP level 1. HP: 19/19 MP: 0/0
     3 | D        | Found a glowing golden altar of the Shining One.
     3 | D        | Found a sacrificial altar of Ru.
     5 | D        | Found a bloodstained altar of Trog.
     5 | D        | Found an ancient bone altar of Kikubaaqudgha.
     5 | D        | Round 1.
     6 | D        | Found Herph's Delicious Food.
     6 | D        | Found an opulent altar of Gozag.
     6 | D        | Found a corrupted altar of Lugonu.
     6 | D        | Found Foobo's Identification Station.
     7 | D        | Found Dejauw's Jewellery.
     7 | D        | Found Dounar's Advanced Armour.
     7 | D        | Noticed a jelly
    14 | D        | Killed a jelly
    14 | D        | Reached skill level 7 in Axes
    14 | D        | Reached XP level 2. HP: 3/26 MP: 1/1
    14 | D        | Reached XP level 3. HP: 4/31 MP: 2/2
    17 | D        | Bought a glittering jade amulet for 45 gold pieces
    17 | D        | Bought a wavering brass ring for 45 gold pieces
    17 | D        | Bought a shimmering brass ring for 45 gold pieces
    17 | D        | Identified the ring of Buipeept {Ice rPois Int+3 Stlth+} (You bought it in a shop in the Dungeon)
    18 | D        | Identified the cursed ring of Absolutism {rF+ Str+3 Dex-6} (You bought it in a shop in the Dungeon)
    19 | D        | Identified the amulet of Piojasu {Acrobat rElec Str-2 Dex+5 SInv} (You bought it in a shop in the Dungeon)
    97 | D        | Found a hide-covered altar of Uskayaw.
    98 | D        | Found a basalt altar of Yredelemnul.
    99 | D        | Found Petuh's Premium Goods.
   100 | D        | Found Peaq's Miscellaneous Merchandise.
   100 | D        | Found Kakloegh's Basic Armour.
   101 | D        | Found a glowing silver altar of Zin.
   101 | D        | Found a blossoming altar of Fedhas.
   101 | D        | Found a snail-covered altar of Cheibriados.
   101 | D        | Found Fayst's Weapon Rack.
   120 | D        | Reached skill level 8 in Axes
   121 | D        | Found an iron altar of Okawaru.
   122 | D        | Found a radiant altar of Vehumet.
   123 | D        | Found a stormy altar of Qazlal.
   127 | D        | Found Fauzu's Do-It-Yourself Clinic.
   127 | D        | Found Ivian's Bottled Wisdom.
   129 | D        | Arena points: 4 (+4) [x1]
   130 | D        | Found Baodighi's Distillery.
   131 | D        | Found a shadowy altar of Dithmenos.
   131 | D        | Found an ornate altar of the Wu Jian Council.
   131 | D        | Found a shimmering altar of Xom.
   131 | D        | Found Izxullan's Distillery.
   144 | D        | Round 2.
   151 | D        | Reached skill level 9 in Axes
   151 | D        | Reached XP level 4. HP: 8/39 MP: 3/3
   161 | D        | Became a worshipper of Gozag Ym Sagoz the Greedy
   173 | D        | Noticed a gnoll sergeant
   181 | D        | Killed a gnoll sergeant
   181 | D        | Reached skill level 11 in Axes
   192 | D        | Reached XP level 5. HP: 37/45 MP: 4/4
   211 | D        | Found a deep blue altar of Sif Muna.
   212 | D        | Found a viscous altar of Jiyva.
   213 | D        | Found a burning altar of Makhleb.
   214 | D        | Found Xemuv's Staff Store.
   215 | D        | Found Hooporu's Must-Have Magic.
   215 | D        | Found Ryhuckad's Magic Scroll Shop.
   216 | D        | Found a roughly hewn altar of Beogh.
   216 | D        | Found Ikles's Magic Scroll Shop.
   304 | D        | Reached skill level 12 in Axes
   309 | D        | Noticed Crazy Yiuf
   320 | D        | Killed Crazy Yiuf
   320 | D        | Arena points: 28 (+24) [x2]
   320 | D        | Reached skill level 13 in Axes
   349 | D        | Round 3.
   457 | D        | Arena points: 91 (+63) [x3]
   524 | D        | Round 4.
   527 | D        | Noticed a guardian mummy
   529 | D        | Noticed a guardian mummy
   535 | D        | Noticed a guardian mummy
   541 | D        | HP: 1/45 [guardian mummy (19)]
   543 | D        | Slain by a guardian mummy

Skill      XL: |  1  2  3  4  5 |
---------------+----------------+-----
Axes           | 7 9 11 13 | 13.5
Fighting       | |  3.6
Armour         | |  3.6
Shields        | |  3.6

Action                   |  1- 3 |  4- 6 || total
-------------------------+-------+-------++-------
Melee: War axe           |    10 |    22 ||    32
       Headbutt          |     2 |     5 ||     7
Invok: Potion Petition   |       |     1 ||     1
Evoke: Wand              |       |     6 ||     6
  Use: Potion            |       |     5 ||     5
Armor: Scale mail        |     3 |     2 ||     5
Dodge: Dodged            |     1 |     8 ||     9
Block: Shield            |     2 |     5 ||     7
